 Dungeon Crawl Stone Soup version 0.14-a0-1721-g84c87b2 (webtiles) character file.

11193 ReteAZ the Brawler (level 11, -1/92 HPs)
             Began as a Troll Hunter on Jan 2, 2014.
             Was a High Priest of Okawaru.
             Slain by an eight-headed hydra (5 damage)
             ... on Level 11 of the Dungeon.
             The game lasted 00:45:05 (8699 turns).

ReteAZ the Brawler (Troll Hunter)                   Turns: 8699, Time: 00:45:05

HP  -1/92        AC  8     Str 24      XL: 11   Next: 39%
MP   4/4         EV 13     Int  8      God: Okawaru [*****.]
Gold 523         SH  0     Dex 10      Spells:  1 memorised,  8 levels left

rFire  . . .     SeeInvis .       - Unarmed
rCold  . . .     Clarity  .     d - +0 animal skin
rNeg   . . .     Conserve .     (shield restricted)
rPois  .         rCorr    .     R - +2 wizard hat
rElec  .         rRot     .     D - +0 elf cloak
SustAb . .       Spirit   .     (gloves unavailable)
rMut   .         Warding  .     (boots unavailable)
Gourm  +         Stasis   .     F - amulet of faith
                                E - ring of sustenance
                                B - +1 ring of evasion

@: somewhat resistant to hostile enchantments, unstealthy
A: unfitting armour, claws 3, fast metabolism 3, gourmand, regeneration 2,
saprovore 2, shaggy fur 1, tough skin 2
a: Heroism, Finesse, Renounce Religion


You were on level 11 of the Dungeon.
You worshipped Okawaru.
Okawaru was extremely pleased with you.
You were full.

You visited 2 branches of the dungeon, and saw 12 of its levels.

You collected 523 gold pieces.

Inventory:

Hand weapons
 r - a +4,+0 glaive of venom
 M - a +3,+0 great sword of slicing
 S - a +4,+0 dwarven broad axe of venom
Missiles
 b - a throwing net [torn] (quivered)
 c - 3 throwing nets
 f - 4 darts of dispersal
 j - 3 darts
Armour
 d - a +0 animal skin (worn)
 s - a +0 cloak
 D - a +0 elven cloak (worn)
 R - a +2 wizard hat (worn)
Comestibles
 a - 7 meat rations
 k - 2 pears
 A - 6 bread rations
 C - 4 chokos
 H - 2 honeycombs
 I - 6 royal jellies
 K - 10 grapes
Scrolls
 g - 10 scrolls of identify
 h - 2 scrolls of curse armour {unknown}
 i - 4 scrolls of teleportation
 l - 4 scrolls of remove curse
 m - a scroll of curse weapon {unknown}
 n - 2 scrolls of fear
 t - 2 scrolls of immolation {unknown}
 v - 2 scrolls of noise {unknown}
 x - a scroll of enchant weapon II {unknown}
 y - a scroll of curse jewellery
 O - a scroll of enchant armour {unknown}
Jewellery
 B - a +1 ring of evasion (left claw)
 E - a ring of sustenance (right claw)
 F - an amulet of faith (around neck)
 Q - an uncursed ring of invisibility
Potions
 e - a potion of mutation {unknown}
 o - 2 potions of poison {unknown}
 p - a potion of berserk rage {unknown}
 q - 2 potions of agility
 u - 4 potions of restore abilities
 w - 4 potions of curing
 z - 2 potions of heal wounds {unknown}
 G - 2 potions of might
 J - a potion of brilliance {unknown}
 P - a potion of speed {unknown}
Books
 L - a book of Burglary

   Spells                             Type                      Level
   Apportation                        Translocation                1
   *Swiftness                         Charms/Air                   2
   Passwall                           Transmutation/Earth          3
   Passage of Golubria                Translocation                4
   Lee's Rapid Deconstruction         Earth                        5
   Darkness                           Hexes                        7


   Skills:
 - Level 1.5 Fighting
 - Level 3.6 Throwing
 + Level 7.0 Dodging
 - Level 0.4 Stealth
 + Level 15.3 Unarmed Combat


You had 8 spell levels left.
You knew the following spells:

 Your Spells              Type           Power        Failure   Level  Hunger
a - Swiftness             Chrm/Air       #.......     69%         2    ###....


Dungeon Overview and Level Annotations

Branches:
Dungeon (11/16)            Temple (1/1) D:4             Orc (0/4) D:11
   Lair (0/8) D:11

Altars:
Ashenzari
Cheibriados
Elyvilon
Fedhas
Kikubaaqudgha
Makhleb
Nemelex Xobeh
Okawaru
Sif Muna
Trog
Vehumet
Xom
Yredelemnul
Zin
the Shining One

Shops:
D:5 }   D:6 [


Innate Abilities, Weirdness & Mutations

You are too large for most types of armour.
You have claws for hands.
Your metabolism is lightning-fast.
You like to eat raw meat.
You heal very quickly.
You can eat rotten meat.
You are covered in fur (AC +1).
You have very tough skin (AC +2).


Message History

The eight-headed hydra bites you but does no damage.
The eight-headed hydra barely misses you.
The eight-headed hydra completely misses you.
The eight-headed hydra bites you!
* * * LOW HITPOINT WARNING * * *
Throwing (i - inventory. (,) - cycle):
N - a large rock (quivered)
Press: ? - help, Shift-Dir - straight line, f/p - eight-headed hydra
Aim: an eight-headed hydra (severely wounded)
You throw a large rock.
The large rock misses the eight-headed hydra.
The eight-headed hydra bites you but does no damage.
The eight-headed hydra completely misses you.
The eight-headed hydra misses you.
The eight-headed hydra bites you but does no damage.
The eight-headed hydra bites you.
* * * LOW HITPOINT WARNING * * *
The eight-headed hydra bites you.
* * * LOW HITPOINT WARNING * * *
The eight-headed hydra bites you.
You die...

.......)>..#.#
≈≈≈P≈.#......
############.# .P≈≈♣.# ...
#.# ######.# #.# .# #.#
#####.####
##.####.......... ...
............ #.#
#.......... #@#
#..........# #D#
#..<.......# ##### #.#
#..........# .....# #)#
#.......... ♣≈P≈..# #.#
#.......... PP≈P≈≈..###
#.####..........
≈P≈P≈≈≈...###(.............
≈≈≈≈≈P≈≈...))(############
.........#####


You could see an eight-headed hydra.

Vanquished Creatures
  Erolcha (D:9)
  A hill giant (D:11)
  Joseph (D:9)
  2 octopodes (D:11)
  Prince Ribbit (D:8)
  15 yaks
  A hungry ghost (D:10)
  Eustachio (D:10)
  A hill giant zombie (D:11)
  A steam dragon (D:8)
  Grum (D:9)
  4 wolves (D:9)
  4 porcupines (D:11)
  4 ice beasts
  3 orc warriors
  3 sky beasts
  A phantom (D:8)
  6 ogres
  A black bear (D:8)
  Duvessa (D:6)
  A big kobold (D:11)
  4 centaurs
  4 giant frogs
  2 agate snails (D:11)
  A cyclops zombie (D:9)
  3 killer bees (D:7)
  A yak zombie (D:11)
  A troll skeleton (D:10)
  8 wights
  A yellow wasp zombie (D:8)
  Dowan (D:6)
  5 orc priests
  5 crimson imps
  A goliath beetle (D:10)
  5 hounds
  4 scorpions
  3 jellies (D:8)
  An orc wizard (D:6)
  9 worker ants
  A big fish (D:11)
  5 iguanas
  A killer bee zombie (D:10)
  A sky beast zombie (D:7)
  Jessica (D:10)
  2 ogre skeletons (D:8)
  6 adders
  A green rat (D:11)
  A worm (D:7)
  An inept feature mimic (D:3)
  An adder zombie (D:8)
  A giant eyeball (D:11)
  3 giant geckos
  6 oozes
  42 orcs
  2 ball pythons
  9 bats
  10 giant cockroaches
  4 goblins
  8 hobgoblins
  15 jackals
  11 kobolds
  3 giant newts
  A giant spore (D:6)
  A gnoll zombie (D:8)
  3 quokkas
  14 rats
  3 ballistomycetes (D:6)
270 creatures vanquished.

Vanquished Creatures (others)
  A rat (D:6)
1 creature vanquished.

Grand Total: 271 creatures vanquished

Notes
Turn   | Place    | Note
--------------------------------------------------------------
     0 | D:1      | ReteAZ, the Troll Hunter, began the quest for the Orb.
     0 | D:1      | Reached XP level 1. HP: 19/19 MP: 1/1
   196 | D:1      | Reached XP level 2. HP: 27/27 MP: 1/1
   803 | D:2      | Reached XP level 3. HP: 33/33 MP: 2/2
  1257 | D:3      | Reached XP level 4. HP: 41/41 MP: 2/2
  1261 | D:3      | Reached skill level 4 in Unarmed Combat
  1700 | D:3      | Reached skill level 5 in Unarmed Combat
  1700 | D:3      | Reached XP level 5. HP: 48/48 MP: 2/2
  2079 | D:3      | Noticed an ogre
  2091 | D:3      | Killed an ogre
  2091 | D:3      | Reached skill level 6 in Unarmed Combat
  2231 | D:4      | Reached XP level 6. HP: 49/55 MP: 3/3
  2262 | D:4      | Noticed an ogre
  2265 | D:4      | Killed an ogre
  2351 | D:4      | Found a staircase to the Ecumenical Temple.
  2361 | Temple   | Entered the Ecumenical Temple
  2399 | Temple   | Became a worshipper of Warmaster Okawaru
  2944 | D:5      | Entered Level 5 of the Dungeon
  3100 | D:5      | Found Somamit's Gadget Shoppe.
  3254 | D:5      | Reached skill level 7 in Unarmed Combat
  3609 | D:6      | Reached XP level 7. HP: 62/62 MP: 3/3
  3661 | D:6      | Noticed Duvessa
  3661 | D:6      | Noticed Dowan
  3669 | D:6      | Killed Duvessa
  3669 | D:6      | Reached skill level 8 in Unarmed Combat
  3671 | D:6      | Killed Dowan
  3683 | D:6      | Acquired Okawaru's first power
  3817 | D:6      | Reached skill level 9 in Unarmed Combat
  3900 | D:6      | Reached XP level 8. HP: 59/70 MP: 3/3
  4045 | D:6      | Reached skill level 10 in Unarmed Combat
  4099 | D:6      | Found Apib's Antique Armour Shop.
  4559 | D:7      | Reached skill level 11 in Unarmed Combat
  4723 | D:7      | Reached XP level 9. HP: 38/76 MP: 4/4
  4928 | D:7      | Reached skill level 12 in Unarmed Combat
  5516 | D:8      | Noticed Prince Ribbit
  5522 | D:8      | Killed Prince Ribbit
  5642 | D:8      | Reached skill level 13 in Unarmed Combat
  6149 | D:9      | Acquired Okawaru's second power
  6217 | D:9      | Reached XP level 10. HP: 85/85 MP: 4/4
  6265 | D:9      | Learned a level 2 spell: Swiftness
  6279 | D:9      | Noticed Grum
  6309 | D:9      | Received a gift from Okawaru
  6420 | D:9      | Noticed Erolcha
  6430 | D:9      | Killed Erolcha
  6430 | D:9      | Reached skill level 14 in Unarmed Combat
  6451 | D:9      | Noticed Joseph
  6468 | D:9      | Killed Joseph
  6780 | D:9      | Killed Grum
  6814 | D:9      | Noticed a centaur warrior
  7060 | D:10     | Entered Level 10 of the Dungeon
  7449 | D:10     | Noticed Jessica
  7454 | D:10     | Noticed Eustachio
  7476 | D:10     | Killed Eustachio
  7476 | D:10     | Reached skill level 5 in Dodging
  7511 | D:10     | Killed Jessica
  7519 | D:10     | Found a deep blue altar of Sif Muna.
  7960 | D:11     | Noticed a hill giant
  7967 | D:11     | Killed a hill giant
  7967 | D:11     | Received a gift from Okawaru
  7973 | D:11     | Found an ancient bone altar of Kikubaaqudgha.
  8005 | D:11     | Found a staircase to the Orcish Mines.
  8114 | D:11     | Paralysed by a giant eyeball for 2 turns
  8121 | D:11     | Paralysed by a giant eyeball for 4 turns
  8150 | D:11     | Reached XP level 11. HP: 68/92 MP: 4/4
  8188 | D:11     | Found a staircase to the Lair.
  8297 | D:11     | Reached skill level 15 in Unarmed Combat
  8308 | D:11     | Noticed an eight-headed hydra
  8610 | D:11     | Noticed an octopode
  8624 | D:11     | Killed an octopode
  8632 | D:11     | Noticed an octopode
  8636 | D:11     | Received a gift from Okawaru
  8647 | D:11     | Killed an octopode
  8699 | D:11     | HP: 4/92 [eight-headed hydra (4)]
  8699 | D:11     | Slain by an eight-headed hydra

Action                   |  1- 3 |  4- 6 |  7- 9 | 10-12 || total
-------------------------+-------+-------+-------+-------++-------
Melee: Unarmed           |   107 |    93 |   276 |   267 ||   743
Throw: Large rock        |       |     6 |    28 |    27 ||    61
       Dart              |       |       |     1 |       ||     1
       Throwing net      |       |       |       |     1 ||     1
Invok: Heroism           |       |       |       |     4 ||     4
  Use: Scroll            |       |       |    15 |     2 ||    17
       Potion            |       |       |       |     3 ||     3
 Stab: Sleeping          |       |       |     3 |     1 ||     4
       Held in net/web   |       |       |       |     1 ||     1
